 Dungeon Crawl Stone Soup version 0.25-a0-302-g9f758675c1 (webtiles) character file.

Game seed: 919216829136410065, levelgen mode: deterministic

27 MoonlitKnight the Sneak (level 2, -1/13 HPs)
             Began as a Spriggan Enchanter on Dec 20, 2019.
             Slain by a leopard gecko (4 damage)
             ... on level 2 of the Dungeon.
             The game lasted 00:01:39 (1209 turns).

MoonlitKnight the Sneak (Spriggan Enchanter)        Turns: 1209, Time: 00:01:40

Health: -1/13      AC:  2    Str:  4    XL:     2   Next: 93%
Magic:  4/7        EV: 18    Int: 16    God:
Gold:   66         SH:  0    Dex: 16    Spells: 4/7 levels left

rFire    . . .     SeeInvis +   a - +1 dagger
rCold    . . .     Gourm    .   (shield restricted)
rNeg     . . .     Faith    .   b - +0 robe
rPois    .         Spirit   .   (helmet restricted)
rElec    .         Reflect  .   (no cloak)
rCorr    .         Harm     .   (gloves unavailable)
MR       .....                  (boots unavailable)
Stlth    +++.......             (no amulet)
HPRegen  0.04/turn              (no ring)
MPRegen  0.10/turn              (no ring)

@: very quick
A: very small, unfitting armour, see invisible, herbivore, speed 3, slow
metabolism 2
a: no special abilities


You were on level 2 of the Dungeon.
You were not hungry.

You visited 1 branch of the dungeon, and saw 2 of its levels.

You collected 66 gold pieces.

Inventory:

Hand Weapons
 a - a +1 dagger (weapon)
Missiles
 m - 10 sling bullets
 n - 25 poisoned darts (quivered)
Armour
 b - a +0 robe (worn)
Jewellery
 c - a cursed amulet of inaccuracy {unknown}
 f - a +3 ring of intelligence {unknown}
 g - an uncursed ring of stealth {unknown}
 k - an uncursed ring of resist corrosion {unknown}
 r - an uncursed ring of magical power {unknown}
Scrolls
 j - 3 scrolls of remove curse {unknown}
 l - 2 scrolls of teleportation {unknown}
 p - a scroll of identify {unknown}
 q - a scroll of blinking {unknown}
Potions
 e - a potion of heal wounds {unknown}
 h - a potion of lignification {unknown}
 i - a potion of brilliance {unknown}
 o - a potion of cancellation {unknown}
Comestibles
 d - a ration


   Skills:
 + Level 1.4 Short Blades
 + Level 3.3 Dodging
 + Level 4.8 Stealth
 * Level 3.2 Spellcasting
 * Level 4.0 Hexes


You had 4 spell levels left.
You knew the following spells:

 Your Spells              Type           Power        Failure   Level  Hunger
a - Corona                Hex            ###....      3%          1    None
b - Ensorcelled Hibernat  Hex/Ice        #.....       12%         2    ##.....

Your spell library contained the following spells:

 Spells                   Type           Power        Failure   Level  Hunger
 Confuse                  Hex            ###.....     11%         3    ###....
 Tukima's Dance           Hex            ###.....     11%         3    ###....
 Dazzling Flash           Conj/Hex       #.....       24%         3    ###....


Dungeon Overview and Level Annotations

Branches:
Dungeon (2/15)

Altars:
Nemelex Xobeh


Innate Abilities, Weirdness & Mutations

You are very small and have problems with some larger weapons.
You are too small for most types of armour.
You have supernaturally acute eyesight. (SInv)
You are a herbivore.
You cover ground extremely quickly.
You need to consume almost no food.


Message History

* * * LOW HITPOINT WARNING * * *
You hit the leopard gecko but do no damage.
The leopard gecko is severely wounded.
The leopard gecko misses you. The leopard gecko closely misses you.
You hit the leopard gecko but do no damage.
The leopard gecko is severely wounded.
The leopard gecko closely misses you.
You barely miss the leopard gecko.
The leopard gecko is severely wounded.
The leopard gecko misses you.
You closely miss the leopard gecko.
The leopard gecko is severely wounded.
The leopard gecko closely misses you.
You hit the leopard gecko.
The leopard gecko is almost dead.
The leopard gecko barely misses you.
You closely miss the leopard gecko.
The leopard gecko is almost dead.
The leopard gecko bites you.
You die...

# ######.# ##
#....#.# #..
+......# #.#
#......# #.#
#......# #.#
#.†....#
#.####@l....# #
#...........#
#.#..........##
##.#.##########
#............
####.########
#.# #.# #.#


You could see a leopard gecko.

Vanquished Creatures
  2 oozes
  A worm (D:2)
  2 dart slugs (D:1)
  A leopard gecko (D:1)
  A goblin (D:2)
  A jackal (D:2)
  A ball python (D:2)
  2 bats
  A frilled lizard (D:1)
  A rat (D:2)
13 creatures vanquished.

Vanquished Creatures (others)
  A minotaur (D:1)
  An octopode (D:1)
  2 formicids (D:1)
  2 spriggans (D:1)
  2 vampires (D:1)
  2 centaurs (D:1)
  A bat (D:1)
  2 kobolds (D:1)
  8 tentacles (D:1)
21 creatures vanquished.

Grand Total: 34 creatures vanquished

Notes
Turn   | Place    | Note
-------+----------+-------------------------------------------
     0 | D:1      | MoonlitKnight the Spriggan Enchanter began the quest for
                  | the Orb.
     0 | D:1      | Reached XP level 1. HP: 9/9 MP: 5/5
     0 | D:1      | Noticed a vampire
     0 | D:1      | Noticed a minotaur
     0 | D:1      | Noticed a centaur
     0 | D:1      | Noticed a kraken
     0 | D:1      | Noticed an octopode
     0 | D:1      | Noticed a vampire
     0 | D:1      | Noticed a centaur
     0 | D:1      | Noticed a formicid
     0 | D:1      | Noticed a spriggan
     0 | D:1      | Noticed a spriggan
     0 | D:1      | Noticed a formicid
     5 | D:1      | Killed a formicid
     7 | D:1      | Killed a centaur
     7 | D:1      | Killed a centaur
     8 | D:1      | Killed a spriggan
     8 | D:1      | Killed a spriggan
     8 | D:1      | Killed a vampire
     9 | D:1      | Killed an octopode
    11 | D:1      | Killed a vampire
    13 | D:1      | Killed a formicid
    18 | D:1      | Killed a minotaur
   146 | D:1      | Found a sparkling altar of Nemelex Xobeh.
   178 | D:1      | Reached XP level 2. HP: 10/13 MP: 7/7
   557 | D:1      | Learned a level 2 spell: Ensorcelled Hibernation
  1209 | D:2      | Slain by a leopard gecko

Levels and vault maps discovered:
D:1:      nicolae_arrival_kraken_aquarium_a, layout_basic, chequers_big_river,
          nemelex_xobeh_ov_fountains_minmay
D:2:      layout_basic, kennysheep_generic_room_6

Skill      XL: |  1  2 |
---------------+-------+-----
Spellcasting   | 3 |  3.2
Hexes          | 4 |  4.0
Short Blades   | |  1.4
Dodging        | |  3.3
Stealth        | |  4.8

Action                   || total
-------------------------++-------
Melee: Dagger            ||    56
 Cast: Ensorcelled Hiber ||     2
 Stab: Sleeping          ||     8
       Distracted        ||     1
Armor: Robe              ||     4
Dodge: Dodged            ||    38

Table legend:
 A = Non-vault XP
 B = Vault XP
 C = Vault XP percentage of total XP
 D = Non-vault monster count
 E = Vault monster count
 F = Vault count percentage of total count
                 A         B        C        D         E       F
            +---------+---------+-------+---------+---------+-------
      Total |      30 |       9 |  23.1 |      11 |       2 |  15.4
            +---------+---------+-------+---------+---------+-------
        D:1 |      20 |       0 |   0.0 |       6 |       0 |   0.0
        D:2 |      10 |       9 |  47.4 |       5 |       2 |  28.6
            +---------+---------+-------+---------+---------+-------
